 Dungeon Crawl Stone Soup version 0.31-a0-1370-gf52a5a9ab3 (webtiles) character file.

Game seed: 13123123157276803913

2986 croobank the Sneak (level 9, -2/69 (71) HPs)
             Began as a Demigod Fire Elementalist on Dec 23, 2023.
             Slain by a hornet (16 damage)
             ... while paralysed by a hornet
             ... on level 8 of the Dungeon.
             The game lasted 00:20:22 (9115 turns).

croobank the Sneak (Demigod Fire Elementalist)      Turns: 9115, Time: 00:20:22

HP:   -2/69 (71)    AC:  3    Str:  9    XL:     9   Next: 28%
MP:   5/18          EV:  2    Int: 29    God:
Gold: 233           SH:  0    Dex: 14    Spells: 6/16 levels left

rFire   . . .        b - +0 sling
rCold   + . .        (no shield)
rNeg    . . .        q - +0 leather armour
rPois   .            (no helmet)
rElec   .            (no cloak)
rCorr   .            (no gloves)
SInv    .            (no boots)
Will    .....        (no amulet)
Stlth   +++          p - ring of protection from cold
HPRegen 0.31/turn    (no ring)
MPRegen 0.16/turn

%: no passive effects
@: paralysed, lethally poisoned (-2 -> -12), lightly drained
A: high MP 1, forlorn, divine attributes
a: no special abilities


You were on level 8 of the Dungeon.
You visited 1 branch of the dungeon, and saw 8 of its levels.

You collected 387 gold pieces.
You spent 154 gold pieces at shops.

Inventory:

Hand Weapons
 a - a +3 spear
 b - a +0 sling (weapon)
 h - a +1 whip of freezing
 l - a +0 dagger
 A - a +4 dagger
 I - a +4 antimagic flail
 M - a +0 arbalest
Missiles
 d - 20 poisoned darts
 m - 2 boomerangs
 F - 3 curare-tipped darts
Armour
 c - a +0 robe
 q - a +0 leather armour (worn)
 y - a +0 buckler
 L - a +0 ring mail
Magical Staves
 x - a staff of conjuration
Jewellery
 p - a ring of protection from cold (left hand)
 E - a +6 ring of dexterity
 H - an amulet of regeneration
Wands
 n - a wand of polymorph (10)
 u - a wand of flame (6)
 J - a wand of paralysis (11)
 N - a wand of roots (3)
Scrolls
 f - 4 scrolls of teleportation
 j - 2 scrolls of poison
 k - a scroll of vulnerability
 o - a scroll of immolation
 r - a scroll of revelation
 s - a scroll of blinking
 v - 2 scrolls of identify
 D - a scroll of fear {unknown}
Potions
 e - a potion of cancellation
 g - a potion of resistance {unknown}
 i - 4 potions of mutation
 t - a potion of might
 w - 4 potions of magic
 z - 3 potions of lignification
 C - a potion of curing
 K - 3 potions of attraction


   Skills:
 + Level 3.9 Fighting
 + Level 3.0 Armour
 + Level 4.7 Dodging
 + Level 5.0 Stealth
 + Level 3.5 Shields
 + Level 4.1 Spellcasting
 + Level 4.2 Conjurations
 + Level 3.1 Hexes
 + Level 5.0 Fire Magic


You had 6 spell levels left.
You knew the following spells:

 Your Spells              Type           Power      Damage    Failure   Level
a - Foxfire               Conj/Fire      100%       2x1d9     1%          1
b - Scorch                Fire           70%        2d7       1%          2
c - Inner Flame           Hex/Fire       29%        N/A       5%          3
d - Flame Wave            Conj/Fire      32%        2d9       14%         4

Your spell library contained the following spells:

 Spells                   Type           Power      Damage    Failure   Level
 Ensorcelled Hibernation  Hex/Ice        30%        N/A       8%          2
 Volatile Blastmotes      Fire/Tloc      40%        2d13      10%         3
 Fugue of the Fallen      Necr           6%         N/A       28%         3
 Anguish                  Hex/Necr       7%         N/A       43%         4


Dungeon Overview and Level Annotations

Branches:
Dungeon (8/15)             Temple (0/1) D:4
   Lair: D:8-11

Shops:
D:3 ?


Innate Abilities, Weirdness & Mutations

You have an increased reservoir of magic. (+10% MP)
You shall have no god before yourself.
Your divine heritage dramatically boosts your attributes as you level up.


Message History

As you read the scroll of blinking, it crumbles to dust.
You feel much better.
Aiming: Paralyse
Press: ? - help, Shift-Dir - straight line, f - hornet
Aim: a hornet (lightly wounded, chance to affect: 39%)
The hornet resists with some effort.
Aiming: Paralyse
Press: ? - help, Shift-Dir - straight line, f/p - hornet
Aim: a hornet (lightly wounded, chance to affect: 39%)
The hornet suddenly stops moving!
You feel yourself speed up.
Fire: b) +0 sling
Press: ? - help, Q - select action, (/) - cycle Shift-Dir - straight line, f/p - hornet
Aim: a hornet (lightly wounded, paralysed, 98% to hit)
You shoot a sling bullet. The sling bullet hits the hornet.
The hornet is moderately wounded.
The hornet is no longer paralysed.
Casting: Inner Flame (dangerous; 5% risk of failure)
Confirm with . or Enter, or press ? or * to list all spells.
You conjure some foxfire!
Casting: Foxfire (safe; 1% risk of failure)
Confirm with . or Enter, or press ? or * to list all spells.
Flames lash the hornet.
The hornet is heavily wounded.
The hornet's fire resistance burns away.
The foxfire hits the hornet but does no damage.
The hornet is heavily wounded.
Your foxfire dissipates!
The hornet attacks as it pursues you! The hornet barely misses you.
Casting: Scorch (safe; 1% risk of failure)
Confirm with . or Enter, or press ? or * to list all spells.
Flames lash the hornet.
The hornet is burned terribly!
The hornet is severely wounded.
The hornet stings you!
* * * LOW HITPOINT WARNING * * *
You are poisoned.
You suddenly lose the ability to move!
The sky beast flickers out of sight!
Deactivating autopickup; reactivate with Ctrl-A.
The hornet stings you!
You die...

#.##.#.#.# .... #.##.#.#.# ....
####.##.#.#.# ...
.#####+##..)[..^..#.######## #..
............................ ..
.......##.##.#..#.#.######## z
..........##......#.........
####################...#.########
.....Y....{{.z.y@......##########
###..z###############............
###..# #<.#######... ##.#
##############... #.##
###...<............ ######..##
#.......########... .........#
#.......# #### .........##
#.......# ..........# ###'#####


You could see a hornet (combustible) and a wight.

Vanquished Creatures
  4 yaks (D:7)
  Eustachio (D:6)
  Sigmund (D:4)
  Edmund (D:5)
  A water moccasin (D:7)
  2 sky beasts
  An ice beast (D:7)
  A black bear (D:5)
  2 ogres (D:5)
  A phantom (D:6)
  2 bullfrogs
  2 scorpions
  2 wights (D:8)
  11 killer bees (D:7)
  A howler monkey (D:3)
  2 hounds
  A gnoll bouda (D:6)
  2 orc priests (D:7)
  An iguana (D:5)
  An orc wizard (D:7)
  7 gnolls
  4 adders
  A bombardier beetle (D:4)
  2 white imps (D:7)
  5 worms
  2 dart slugs (D:1)
  11 orcs
  2 ball pythons
  9 endoplasms
  3 giant cockroaches
  6 goblins
  5 hobgoblins
  6 quokkas
  7 bats
  5 frilled lizards
  8 kobolds
  5 rats
128 creatures vanquished.

Vanquished Creatures (others)
  222 foxfires
222 creatures vanquished.

Grand Total: 350 creatures vanquished

Notes
Turn   | Place    | Note
-------+----------+-------------------------------------------
     0 | D:1      | croobank the Demigod Fire Elementalist began the quest for
                  | the Orb.
     0 | D:1      | Reached XP level 1. HP: 14/14 MP: 5/5
    44 | D:1      | Reached skill level 1 in Conjurations
   213 | D:1      | Reached XP level 2. HP: 20/20 MP: 2/7
   260 | D:1      | Learned a level 2 spell: Scorch
  1115 | D:1      | Reached XP level 3. HP: 26/26 MP: 4/8
  2074 | D:2      | Identified the +7 short sword "Yvadwav" {flame, *Corrode
                  | rElec rPois Dex+3}
  2358 | D:3      | Found Hauriolu's Magic Scroll Emporium.
  2376 | D:3      | Reached XP level 4. HP: 33/33 MP: 5/10
  2954 | D:3      | Bought a scroll of identify for 28 gold pieces
  2954 | D:3      | Bought a scroll of identify for 28 gold pieces
  2954 | D:3      | Bought a scroll of identify for 28 gold pieces
  2954 | D:3      | Bought a scroll of identify for 28 gold pieces
  2954 | D:3      | Bought a scroll of teleportation for 42 gold pieces
  3309 | D:4      | Learned a level 3 spell: Inner Flame
  3592 | D:4      | Found a staircase to the Ecumenical Temple.
  3603 | D:4      | Noticed Sigmund
  3611 | D:4      | Killed Sigmund
  3612 | D:4      | Reached skill level 1 in Fighting
  3612 | D:4      | Reached skill level 1 in Armour
  3612 | D:4      | Reached XP level 5. HP: 32/40 MP: 2/11
  3915 | D:4      | Reached skill level 1 in Shields
  3915 | D:4      | Reached XP level 6. HP: 26/47 MP: 0/13
  4137 | D:5      | Entered Level 5 of the Dungeon
  4628 | D:5      | Noticed Edmund
  4636 | D:5      | Killed Edmund
  4637 | D:5      | Reached XP level 7. HP: 42/53 MP: 0/14
  4660 | D:5      | Reached skill level 1 in Hexes
  5317 | D:6      | Noticed Eustachio
  5380 | D:6      | Killed Eustachio
  5993 | D:6      | Identified a scroll of acquirement
  5993 | D:6      | Acquired a book of Dreams
  6350 | D:6      | Reached XP level 8. HP: 62/62 MP: 9/16
  7950 | D:7      | Reached XP level 9. HP: 65/70 MP: 9/18
  8100 | D:7      | Learned a level 4 spell: Flame Wave
  8914 | D:8      | Reached skill level 5 in Stealth
  9025 | D:8      | Reached skill level 5 in Fire Magic
  9097 | D:8      | Paralysed by a hornet for 1 turns
  9099 | D:8      | HP: 2/69 [hornet (15)]
  9115 | D:8      | Paralysed by a hornet for 2 turns
  9115 | D:8      | Slain by a hornet

Illustrated notes

Levels and vault maps discovered:
D:1:      nzn_arrival_settlement, layout_basic
D:2:      layout_basic
D:3:      layout_rooms, serial_glass, glass_columns_b, glass_columns_b,
          serial_shops, nicolae_shop_waterfront, kennysheep_generic_room_7
D:4:      layout_basic, nicolae_elyvilon_temple_path,
          lemuel_coloured_pillars_altar, mainiacjoe_overflow_24_doors,
          minmay_temple_entry_antechambers, glass_columns_a, uniq_sigmund
D:5:      layout_basic, uniq_edmund
D:6:      layout_basic, uniq_eustachio
D:7:      layout_loops_ring, gammafunk_temple_overflow_statue,
          minmay_misc_feat_alley
D:8:      layout_basic, mainiacjoe_overflow_concentric_impassable,
          jmf_multi_god_temple2

Skill      XL: |  1  2  3  4  5  6  7  8  9 |
---------------+----------------------------+-----
Conjurations   | 1 2 3 4 |  4.2
Stealth        | 2 3 4 5 |  5.0
Dodging        | 2 3 4 |  4.7
Spellcasting   | 2 3 4 |  4.1
Fire Magic     | 3 4 5 |  5.0
Fighting       | 1 2 3 |  3.9
Armour         | 1 2 3 |  3.0
Shields        | 1 2 3 |  3.5
Hexes          | 1 2 3 |  3.1

Action                     |  1- 3 |  4- 6 |  7- 9 || total
---------------------------+-------+-------+-------++-------
  Melee: Spear             |    28 |       |    14 ||    42
         Punch             |     1 |       |       ||     1
         Flail             |       |       |     3 ||     3
   Fire: Sling             |       |    70 |    78 ||   148
   Cast: Foxfire           |    49 |    11 |    69 ||   129
         Scorch            |    19 |    35 |    71 ||   125
         Inner Flame       |       |     4 |     1 ||     5
         Flame Wave        |       |       |     1 ||     1
  Evoke: Wand              |       |       |     2 ||     2
    Use: Scroll            |       |       |    18 ||    18
         Potion            |       |       |     4 ||     4
   Stab: Sleeping          |     3 |       |       ||     3
 Armour: Robe              |     8 |       |       ||     8
         Leather armour    |       |    10 |    93 ||   103
  Dodge: Dodged            |    14 |    16 |    72 ||   102

Table legend: (Time is in decaauts)
 A = Elapsed time spent in this place.
 B = Non-inter-level travel time spent in this place.
 C = Inter-level travel time spent in this place.
 D = Time resting spent in this place.
 E = Time spent auto-exploring this place.
 F = Levels seen in this place.
 G = Mean time per level.
                   A        B        C        D        E       F      G
               +--------+--------+--------+--------+--------+-----+--------+
         Total |   9173 |   8784 |    389 |   3054 |   4451 |   8 | 1146.6 |
       Dungeon |   9173 |   8784 |    389 |   3054 |   4451 |   8 | 1146.6 |
               +--------+--------+--------+--------+--------+-----+--------+

Top non-repeatable levels by time:
     D:7: 1947 daAuts
     D:6: 1661 daAuts
     D:1: 1286 daAuts
     D:4: 1136 daAuts
     D:2: 1051 daAuts
     D:5: 964 daAuts
     D:3: 889 daAuts
     D:8: 236 daAuts
